 Dungeon Crawl Stone Soup version 0.29.1-15-g9cfb28693d (webtiles) character file.

Game seed: 3744316132094029427

4373 pokedragonboy the Basher (level 10, -3/94 HPs)
             Began as a Gargoyle Fighter on Mar 13, 2023.
             Was a Priest of Okawaru.
             Slain by a two-headed ogre
             ... wielding a +0 glaive
              (6 damage)
             ... in a bailey.
             The game lasted 00:15:20 (9221 turns).

pokedragonboy the Basher (Gargoyle Fighter)         Turns: 9221, Time: 00:15:20

Health: -3/94      AC: 31    Str: 25    XL:     10   Next: 34%
Magic:  13/13      EV:  8    Int:  8    God:    Okawaru [***...]
Gold:   326        SH:  6    Dex: 15    Spells: 9/9 levels left

rFire   . . .      SeeInvis .   M - +5 flail (protect)
rCold   . . .      Faith    .   c - +0 buckler
rNeg    + . .      Spirit   .   h - +0 chain mail
rPois   ∞          Reflect  .   z - +2 helmet
rElec   +          Harm     .   E - +1 cloak
rCorr   +          Rampage  .   t - +0 pair of gloves
Will    .....                   (no boots)
Stlth   ..........              (no amulet)
HPRegen 0.25/turn               x - +6 ring of dexterity
MPRegen 0.13/turn               q - ring of resist corrosion

@: berserking, under a protective aura, very quick
A: sickness immunity, AC +7, negative energy resistance 1, electricity
resistance, torment resistance 1, petrification resistance
a: Renounce Religion, Heroism


You were in a bailey.
You worshipped Okawaru.
Okawaru was most pleased with you.
You visited 2 branches of the dungeon, and saw 8 of its levels.
You also visited: Sewer, Ossuary and Bailey.

You collected 326 gold pieces.

Inventory:

Hand Weapons
 b - the +5 quarterstaff of Amorality {drain, *Rage rElec rCorr Int+4}
   (You found it on level 4 of the Dungeon)

   A truly terrible weapon, it drains the life of any living foe it strikes.
   Int:       It affects your intelligence (+4).
   rElec:     It insulates you from electricity.
   *Rage:     It berserks you when you make melee attacks (+20% chance).
   rCorr:     It protects you from acid and corrosion.
 M - a +5 flail of protection (weapon)
Armour
 c - a +0 buckler (worn)
 h - a +0 chain mail (worn)
 t - a +0 pair of gloves (worn)
 z - a +2 helmet (worn)
 E - a +1 cloak (worn)
Jewellery
 q - a ring of resist corrosion (right hand)
 x - a +6 ring of dexterity (left hand)
Wands
 a - a wand of quicksilver (8)
 v - a wand of mindburst (19)
 I - a wand of paralysis (5)
 K - a wand of iceblast (10)
 L - a wand of flame (32)
 N - a wand of polymorph (5)
Scrolls
 e - a scroll of noise
 f - a scroll of enchant weapon
 i - 5 scrolls of poison
 j - 2 scrolls of blinking
 l - 3 scrolls of teleportation
 m - 2 scrolls of magic mapping {unknown}
 p - a scroll of enchant armour
 r - 2 scrolls of immolation {unknown}
 s - a scroll of vulnerability {unknown}
 w - a scroll of amnesia {unknown}
 y - a scroll of acquirement {unknown}
 G - a scroll of brand weapon
 H - 2 scrolls of identify
 P - a scroll of fog
 Q - a scroll of silence {unknown}
 R - 3 scrolls of summoning {unknown}
Potions
 d - a potion of might
 g - 3 potions of attraction
 o - 2 potions of heal wounds {unknown}
 u - 4 potions of flight {unknown}
 A - 2 potions of magic {unknown}
 B - 6 potions of invisibility {unknown}
 C - a potion of haste {unknown}
 D - 3 potions of lignification {unknown}
 F - 3 potions of brilliance {unknown}
 J - 2 potions of resistance {unknown}
 O - 2 potions of cancellation {unknown}


   Skills:
 + Level 7.6 Fighting
 * Level 9.1 Maces & Flails
 + Level 7.6 Armour
 + Level 7.6 Shields
 + Level 5.1 Invocations


You had 9 spell levels left.
You didn't know any spells.
Your spell library contained the following spells:

 Spells                   Type           Power      Damage    Failure   Level
 Ensorcelled Hibernation  Hex/Ice        0%         N/A       99%         2
 Portal Projectile        Hex/Tloc       0%         N/A       100%        3
 Spider Form              Tmut/Pois      0%         N/A       100%        3
 Anguish                  Hex/Necr       0%         N/A       100%        4
 Leda's Liquefaction      Hex/Erth       0%         N/A       100%        4
 Call Canine Familiar     Summ           Unusable   N/A       N/A         3

Dungeon Overview and Level Annotations

Branches:
Dungeon (7/15)             Temple (1/1) D:5           Sewer (visited)
Ossuary (visited)          Bailey (1/1)

Altars:
Ashenzari
Cheibriados
Dithmenos
Elyvilon
Fedhas
Gozag
Hepliaklqana
Nemelex Xobeh
Okawaru
Ru
Sif Muna
Trog
Uskayaw
Vehumet
Wu Jian
Yredelemnul
Zin
The Shining One

Annotations:
D:4 3 runed translucent doors, boopmooplesden's ghost, amateur MiBe


Innate Abilities, Weirdness & Mutations

You are immune to sickness and miasma.
Your stone body is resilient. (AC +7)
You are immune to poison.
You resist negative energy. (rN+)
You are resistant to electric shocks. (rElec)
You are resistant to unholy torment.
You are immune to petrification.


Message History

The steam dragon closely misses you.
The two-headed ogre hits you from afar with a +0 glaive!
* * * LOW HITPOINT WARNING * * *
You block the two-headed ogre's attack.
A red film seems to cover your vision as you go berserk!
You feel yourself moving faster!
You feel mighty! The steam dragon breathes steam at you.
The ball of steam hits you!
* * * LOW HITPOINT WARNING * * *
Unknown command.
You thump the steam dragon!
The steam dragon is heavily wounded.
You are engulfed in a cloud of scalding steam.
The two-headed ogre hits you but does no damage.
The two-headed ogre barely misses you.
Unknown command.
You barely miss the steam dragon.
The steam dragon is heavily wounded.
You are engulfed in a cloud of scalding steam.
* * * LOW HITPOINT WARNING * * *
You feel like a meek peon again. The steam dragon bites you!
* * * LOW HITPOINT WARNING * * *
The steam dragon claws you but does no damage.
You hit the steam dragon.
The steam dragon is severely wounded.
You are engulfed in a cloud of scalding steam.
Unknown command.
You sock the steam dragon!
The steam dragon is almost dead.
The steam dragon bites you but does no damage.
The steam dragon claws you but does no damage.
You block the two-headed ogre's attack.
The two-headed ogre hits you from afar with a +0 halberd.
* * * LOW HITPOINT WARNING * * *
You bludgeon the steam dragon!!
You kill the steam dragon!
Okawaru accepts your kill.
The two-headed ogre hits you with a +0 glaive.
You die...

#...#.. ♣♣..###.....
#...#.♣ ♣..~~~..∩..
#..~#.♣ #..~~~.....
#.)~).♣ #..~~~.....
#..~#.♣ .#..~~~.....
#...#.♣♣ ..#..~~~..∩..
#...#..♣###♣..##..###.....
##..#♣..§....##..## #.....
##..##.§@O.##..## ##...#
##..♣######..## ##.##
##..)).....## ###
##.).)...## #########


You could see a two-headed ogre.

Vanquished Creatures
  Prince Ribbit (D:5)
  Grinder (D:5)
  A wyvern (D:7)
  A spriggan (Bailey)
  Eustachio (D:4)
  2 wraiths (Ossuary)
  A steam dragon (Bailey)
  Edmund (D:5)
  Duvessa (D:6)
  3 water moccasins
  2 black bears
  7 ogres
  2 centaurs
  Blork the orc (D:5)
  2 kobold brigands (Sewer)
  4 bullfrogs
  2 scorpions (D:6)
  6 wights
  Dowan (D:6)
  2 howler monkeys
  A jelly (D:6)
  An orc priest (D:3)
  A human zombie (D:5)
  3 hounds
  2 orc wizards
  5 iguanas
  4 gnolls (D:6)
  9 adders
  5 river rats (Sewer)
  2 white imps (D:6)
  2 ufetubi
  A worm (D:6)
  4 dart slugs
  10 orcs
  11 endoplasms
  7 giant cockroaches
  9 goblins
  10 hobgoblins
  9 jackals
  12 kobolds
  6 quokkas
  13 ball pythons
  2 ball python skeletons (Ossuary)
  3 bats
  7 frilled lizards
  2 hobgoblin skeletons (Ossuary)
  2 hobgoblin zombies (Ossuary)
  2 orc skeletons (Ossuary)
  An orc zombie (Ossuary)
  5 rats (Sewer)
  A rat zombie (D:5)
194 creatures vanquished.

Vanquished Creatures (others)
  A fungus (D:2)
  16 plants
17 creatures vanquished.

Grand Total: 211 creatures vanquished

Notes
Turn   | Place    | Note
-------+----------+-------------------------------------------
     0 | D:1      | pokedragonboy the Gargoyle Fighter began the quest for the
                  | Orb.
     0 | D:1      | Reached XP level 1. HP: 14/14 MP: 1/1
   105 | D:1      | Reached XP level 2. HP: 19/19 MP: 2/2
   585 | D:1      | Reached XP level 3. HP: 23/23 MP: 3/3
  1329 | D:2      | Found a faded altar of an unknown god.
  1469 | D:2      | Reached skill level 3 in Maces & Flails
  1640 | D:2      | Reached XP level 4. HP: 27/29 MP: 4/4
  2504 | D:3      | Found a broken altar of Ashenzari.
  2622 | D:3      | Reached XP level 5. HP: 16/33 MP: 5/5
  2875 | D:3      | Found a glowing silver altar of Zin.
  3039 | D:3      | Found an ornate altar of the Wu Jian Council.
  3040 | D:3      | Found a sparkling altar of Nemelex Xobeh.
  3040 | D:3      | Found a bloodstained altar of Trog.
  3513 | D:4      | Found a glowing drain.
  3597 | D:4      | Reached skill level 4 in Maces & Flails
  3635 | Sewer    | Entered a sewer
  3645 | Sewer    | Reached XP level 6. HP: 38/39 MP: 6/6
  4504 | Sewer    | Reached XP level 7. HP: 40/44 MP: 7/7
  4789 | D:4      | Found a hide-covered altar of Uskayaw.
  4840 | D:4      | Identified the +5 quarterstaff of Amorality {drain, *Rage
                  | rElec rCorr Int+4}
  4843 | D:4      | Found a runed translucent gate.
  4955 | D:4      | Found a runed translucent gate.
  4956 | D:4      | Found a runed translucent gate.
  4956 | D:4      | Noticed boopmooplesden's ghost (amateur MiBe)
  4968 | D:4      | Noticed Eustachio
  4969 | D:4      | Identified the +6 mace of Esiud {venom, rElec rF+ Int+2
                  | Dex-3}
  4985 | D:4      | Killed Eustachio
  4986 | D:4      | Reached skill level 5 in Fighting
  4986 | D:4      | Reached skill level 5 in Maces & Flails
  4986 | D:4      | Reached skill level 5 in Armour
  4986 | D:4      | Reached skill level 5 in Shields
  5743 | D:5      | Entered Level 5 of the Dungeon
  5745 | D:5      | Found a staircase to the Ecumenical Temple.
  5766 | Temple   | Entered the Ecumenical Temple
  5784 | Temple   | Became a worshipper of Warmaster Okawaru
  5851 | D:5      | Noticed Prince Ribbit
  5858 | D:5      | Killed Prince Ribbit
  5859 | D:5      | Reached skill level 1 in Invocations
  5859 | D:5      | Reached XP level 8. HP: 43/50 MP: 8/8
  5954 | D:5      | Found a sand-covered staircase.
  5964 | D:5      | Reached skill level 6 in Maces & Flails
  5981 | Ossuary  | Entered an ossuary
  6087 | Ossuary  | Noticed a wraith
  6087 | Ossuary  | Noticed a flying skull
  6094 | Ossuary  | Noticed a flying skull
  6111 | Ossuary  | Noticed a flying skull
  6121 | Ossuary  | Noticed a wraith
  6138 | Ossuary  | Killed a wraith
  6138 | Ossuary  | Reached * piety under Okawaru
  6218 | Ossuary  | Noticed a wraith
  6235 | Ossuary  | Killed a wraith
  6252 | Ossuary  | Noticed a flying skull
  6611 | D:5      | Noticed Grinder
  6615 | D:5      | Paralysed by Grinder for 4 turns
  6620 | D:5      | Paralysed by Grinder for 4 turns
  6633 | D:5      | Paralysed by Grinder for 2 turns
  6643 | D:5      | Killed Grinder
  6644 | D:5      | Reached skill level 7 in Maces & Flails
  6644 | D:5      | Reached XP level 9. HP: 41/55 MP: 9/11
  6920 | D:5      | Found a shadowy altar of Dithmenos.
  6948 | D:5      | Noticed Edmund
  6959 | D:5      | Killed Edmund
  7033 | D:5      | Noticed Blork the orc
  7047 | D:5      | Killed Blork the orc
  7047 | D:5      | Reached ** piety under Okawaru
  7325 | D:6      | Found a snail-covered altar of Cheibriados.
  7540 | D:6      | Found a glowing golden altar of the Shining One.
  7541 | D:6      | Found a white marble altar of Elyvilon.
  7661 | D:6      | Found a shimmering blue altar of Sif Muna.
  7865 | D:6      | Found a radiant altar of Vehumet.
  7940 | D:6      | Reached skill level 8 in Maces & Flails
  8109 | D:6      | Noticed Dowan
  8110 | D:6      | Noticed Duvessa
  8123 | D:6      | Killed Dowan
  8131 | D:6      | Killed Duvessa
  8133 | D:6      | Reached *** piety under Okawaru
  8758 | D:7      | Reached XP level 10. HP: 58/63 MP: 13/13
  8796 | D:7      | Found a flagged portal.
  8811 | Bailey   | Entered a bailey
  9148 | Bailey   | Reached skill level 9 in Maces & Flails
  9148 | Bailey   | Reached skill level 5 in Invocations
  9211 | Bailey   | Noticed a two-headed ogre
  9217 | Bailey   | HP: 3/94 [steam dragon (8)]
  9221 | Bailey   | Slain by a two-headed ogre

Illustrated notes

Levels and vault maps discovered:
D:1:      lightli_arrival_farm, layout_loops_ring
D:2:      layout_loops_ring, shapermc_ecumenical_altar_mp_ritualfount,
          serial_bayou_crossing
D:3:      layout_loops_corners, mainiacjoe_overflow_alcove_3,
          ashenzari_conservatory_becter
D:4:      layout_loops_cross, lemuel_tele_altar, biasface_ghost_orc_armoury,
          gup_sewer_entry_glass, kennysheep_nondescript,
          hangedman_decor_slide_cut, hangedman_decor_growths, uniq_eustachio
D:5:      layout_loops_cross, mainiacjoe_overflow_24_doors,
          minmay_temple_entry_stoned_glass, enter_ossuary_3, uniq_grinder,
          uniq_edmund, uniq_blork_the_orc, uniq_prince_ribbit1
D:6:      layout_cave_pods, slow_altar_2, vehumet_altar_wand_db,
          mainiacjoe_overflow_paths, minitemple, grunt_ministairs_14,
          uniq_duvessa
D:7:      layout_gridville, enter_bailey_3
Temple:   hellmonk_temple_two_chambers
Bailey:   bailey_polearm_enchanted_keep_hellmonk, bailey

Skill      XL: |  1  2  3  4  5  6  7  8  9 10 |
---------------+-------------------------------+-----
Maces & Flails | 3 4 5 7 8 9 |  9.1
Fighting       | 4 5 6 7 |  7.6
Armour         | 4 5 6 7 |  7.6
Shields        | 4 5 6 7 |  7.6
Invocations    | 1 2 4 5 |  5.1

Action                   |  1- 3 |  4- 6 |  7- 9 | 10-12 || total
-------------------------+-------+-------+-------+-------++-------
Melee: Flail             |   142 |   308 |   331 |    59 ||   840
Invok: Heroism           |       |       |       |     1 ||     1
  Use: Potion            |       |     1 |     1 |     4 ||     6
       Scroll            |       |     5 |     6 |       ||    11
Armor: Scale mail        |    28 |       |       |       ||    28
       Chain mail        |    45 |   222 |   221 |    29 ||   517
Dodge: Dodged            |    51 |   103 |   112 |    29 ||   295
Block: Buckler           |    18 |    85 |   108 |    14 ||   225
